 Dungeon Crawl Stone Soup version 0.31-a0-1267-gfedaa18580 (webtiles) character file.

Game seed: 10903312899074973002

2 BubbleThief the Grave Robber (level 1, -2/13 HPs)
             Began as a Demonspawn Necromancer on Dec 17, 2023.
             Frozen to death by an endoplasm (4 damage)
             ... on level 1 of the Dungeon.
             The game lasted 00:00:35 (181 turns).

BubbleThief the Grave Robber (DsNe)                  Turns: 181, Time: 00:00:36

Health: -2/13      AC:  2    Str:  8    XL:     1   Next: 33%
Magic:  0/3        EV: 12    Int: 15    God:
Gold:   17         SH:  0    Dex: 13    Spells: 3/4 levels left

rFire   . . .        (no weapon)
rCold   . . .        (no shield)
rNeg    . . .        a - +0 robe
rPois   .            (no helmet)
rElec   .            (no cloak)
rCorr   .            (no gloves)
SInv    .            (no boots)
Will    .....        (no amulet)
Stlth   ++           (no ring)
HPRegen 0.22/turn    (no ring)
MPRegen 0.08/turn

%: no passive effects
@: no status effects
A: no striking features
a: no special abilities


You were on level 1 of the Dungeon.
You visited 1 branch of the dungeon, and saw 1 of its levels.

You collected 17 gold pieces.

Inventory:

Armour
 a - a +0 robe (worn)
Potions
 b - a potion of magic
 c - a potion of mutation {unknown}


   Skills:
 - Level 1.7 Dodging
 - Level 1.7 Stealth
 + Level 2.0 Spellcasting
 * Level 4.5 Necromancy


You had 3 spell levels left.
You knew the following spells:

 Your Spells              Type           Power      Damage    Failure   Level
a - Necrotise             Necr           60%        1d7       3%          1

Your spell library contained the following spells:

 Spells                   Type           Power      Damage    Failure   Level
 Vampiric Draining        Necr           15%        2d7       11%         3
 Animate Dead             Necr           15%        N/A       34%         4
 Agony                    Necr           15%        N/A       67%         5


Dungeon Overview and Level Annotations

Branches:
Dungeon (1/15)

Altars:


Message History

The dead are walking!
A hobgoblin comes into view.
A rat comes into view.
Unknown command.
Aiming: Necrotise (safe; 3% risk of failure)
Press: ? - help, Q - select action Shift-Dir - straight line, f - rat
Aim: a rat (ally target, chance to affect: 84%)
The rat writhes in agony.
You kill the rat!
The dead are walking!
Your rat skeleton completely misses the hobgoblin.
Your rat skeleton bites the hobgoblin but does no damage.
Your goblin skeleton hits the endoplasm but does no damage.
You hit the hobgoblin.
The hobgoblin is lightly wounded.
The endoplasm freezes you.
You are frozen.
Your rat skeleton closely misses the hobgoblin.
The hobgoblin hits you.
Unknown command.
Your goblin skeleton barely misses the endoplasm.
The endoplasm jiggles.
The hobgoblin hits you.
* * * LOW HITPOINT WARNING * * *
You hit the hobgoblin but do no damage.
The hobgoblin is lightly wounded.
Your rat skeleton bites the hobgoblin.
The hobgoblin hits you.
* * * LOW HITPOINT WARNING * * *
Unknown command.
You barely miss the hobgoblin.
The hobgoblin is moderately wounded.
The endoplasm completely misses you.
Your rat skeleton bites the hobgoblin.
The hobgoblin barely misses you.
Unknown command.
Aiming: Necrotise (safe; 3% risk of failure)
Press: ? - help, Q - select action Shift-Dir - straight line, f - endoplasm
Aim: an endoplasm (ally target, chance to affect: 85%)
The endoplasm writhes in agony.
The endoplasm freezes you.
You are frozen.
You die...

#.........#
#.......(.#
#.........#
#.>...>...#
#.........##
#..........#
###.#####.......
###.# #......
###@..##...
......
#.gJ........
..#..
....)Z.Z....####
### #
..##...##..##
##.. $..# #.#
..... .. ...##.
#.. #.# . #..


You could see an endoplasm (ally target), a hobgoblin (ally target), a friendly
rat skeleton and a friendly goblin skeleton.

Vanquished Creatures
  A goblin (D:1)
  A kobold (D:1)
  A rat (D:1)
3 creatures vanquished.

Notes
Turn   | Place    | Note
-------+----------+-------------------------------------------
     0 | D:1      | BubbleThief the Demonspawn Necromancer began the quest for
                  | the Orb.
     0 | D:1      | Reached XP level 1. HP: 13/13 MP: 3/3
   181 | D:1      | Frozen to death by an endoplasm

Illustrated notes

Levels and vault maps discovered:
D:1:      wheals_arrival_linesprint, layout_rooms, basic_ecumenical_altar

Action                     || total
---------------------------++-------
  Melee: Unarmed           ||     3
   Cast: Necrotise         ||     6
 Armour: Robe              ||     3
  Dodge: Dodged            ||     2

Table legend: (Time is in decaauts)
 A = Elapsed time spent in this place.
 B = Non-inter-level travel time spent in this place.
 C = Inter-level travel time spent in this place.
 D = Time resting spent in this place.
 E = Time spent auto-exploring this place.
 F = Levels seen in this place.
 G = Mean time per level.
                   A        B        C        D        E       F      G
               +--------+--------+--------+--------+--------+-----+--------+
         Total |    181 |    160 |     21 |      0 |    100 |   1 |  181.0 |
       Dungeon |    181 |    160 |     21 |      0 |    100 |   1 |  181.0 |
               +--------+--------+--------+--------+--------+-----+--------+

Top non-repeatable levels by time:
     D:1: 181 daAuts
